 Dungeon Crawl Stone Soup version 0.19.0-16-g73b5abf (webtiles) character file.

65 Delusion the Sneak (level 3, -1/25 HPs)
             Began as a Vampire Ice Elementalist on Nov 10, 2016.
             Slain by a goblin (3 damage)
             ... on level 2 of the Dungeon.
             The game lasted 00:09:21 (2001 turns).

Delusion the Sneak (Vampire Ice Elementalist)       Turns: 2001, Time: 00:09:21

Health: -1/25      AC:  3    Str:  8    XL:     3   Next: 94%
Magic:  0/6        EV: 12    Int: 17    God:
Gold:   24         SH:  0    Dex: 14    Spells: 3 memorised, 0 levels left

rFire  . . .     SeeInvis +     q - +0 dagger
rCold  + + .     Gourm    .     p - +0 leather armour
rNeg   + + +     Faith    .     (no shield)
rPois  ∞         Spirit   .     (no helmet)
rElec  .         Reflect  .     (no cloak)
rCorr  .         Harm     +     (no gloves)
MR     .....                    (no boots)
Stlth  +++++.....               u - amulet of harm
                                (no ring)
                                n - ring of wizardry

@: very slightly contaminated, bloodless, non-regenerating
A: fangs 3, see invisible, unbreathing
a: Bat Form


You were on level 2 of the Dungeon.
You were bloodless.

You visited 1 branch of the dungeon, and saw 2 of its levels.

You collected 24 gold pieces.

Inventory:

Hand Weapons
 f - a +0 whip
 m - a +2 hunting sling of flaming
 o - a +0 short sword
 q - a +0 dagger (weapon)
Missiles
 k - 10 poisoned needles
 r - 2 stones (quivered)
Armour
 a - a +0 robe
 p - a +0 leather armour (worn)
 t - a +0 robe
Jewellery
 n - a ring of wizardry (left hand)
 u - an amulet of harm (around neck)
Scrolls
 i - 5 scrolls of enchant armour {unknown}
 j - a scroll of enchant weapon {unknown}
 l - 2 scrolls of remove curse {unknown}
 s - a scroll of identify {unknown}
Potions
 c - 11 potions of blood
 d - a potion of mutation {unknown}
 e - a potion of resistance {unknown}
 g - a potion of invisibility {unknown}
 h - a potion of agility {unknown}
Books
 b - a book of Frost

   Spells                             Type                      Level
   a - Freeze                         Ice                          1
   b - Throw Frost                    Conjuration/Ice              2
   c - Ozocubu's Armour               Charms/Ice                   3
   d - Throw Icicle                   Conjuration/Ice              4
   e - Summon Ice Beast               Ice/Summoning                4


   Skills:
 + Level 0.8 Fighting
 + Level 0.4 Short Blades
 + Level 2.7 Dodging
 * Level 4.9 Stealth
 + Level 0.2 Unarmed Combat
 - Level 2.3 Spellcasting
 + Level 0.6 Conjurations
 - Level 3.1 Ice Magic


You couldn't memorise any spells.
You knew the following spells:

 Your Spells              Type           Power        Failure   Level  Hunger
a - Freeze                Ice            ##..         4%          1    #......
b - Throw Frost           Conj/Ice       #.....       10%         2    ###....
c - Ozocubu's Armour      Chrm/Ice       #.......     21%         3    ###....


Dungeon Overview and Level Annotations

Branches:
Dungeon (2/15)

Altars:


Innate Abilities, Weirdness & Mutations

You do not heal naturally.
You are immune to poison.
You have razor-sharp teeth.
You have supernaturally acute eyesight. (SInv)
You can survive without breathing.


Message History

The adder is severely wounded.
The adder bites you.
* * * LOW HITPOINT WARNING * * *
Casting: Freeze
Confirm with . or Enter, or press ? or * to list all spells.
Aiming: Freeze
Press: ? - help, Shift-Dir - straight line, f/p - adder
Aim: an adder (severely wounded)
You freeze the adder.
You kill the adder!
The goblin hits you.
* * * LOW HITPOINT WARNING * * *
You closely miss the goblin. You closely miss the goblin.
The goblin closely misses you.
You closely miss the goblin. The goblin closely misses you.
You closely miss the goblin. The goblin closely misses you.
You hit the goblin.
The goblin is severely wounded.
The goblin hits you.
You die...

##################
......#..........#######
.####...).......@....... .#
#.#.########g####### .#
#.#.# #####......#
.####.#.# #........).#
...............[.###.......
.........##.###... .......
..#.#....## ...... .#####.
......#..# .##.####?#
#.#.#.#..##. .. .#


You could see a goblin.

Vanquished Creatures
  2 adders (D:2)
  3 dart slugs
  2 leopard geckos
  3 giant cockroaches (D:1)
  2 goblins (D:1)
  6 hobgoblins
  4 jackals
  7 bats (D:1)
  3 frilled lizards (D:1)
  3 kobolds
  3 rats
38 creatures vanquished.

Notes
Turn   | Place    | Note
-------+----------+-------------------------------------------
     0 | D:1      | Delusion the Vampire Ice Elementalist began the quest for the Orb.
     0 | D:1      | Reached XP level 1. HP: 13/13 MP: 3/3
   201 | D:1      | Reached XP level 2. HP: 16/19 MP: 5/5
   961 | D:1      | Reached XP level 3. HP: 16/25 MP: 2/6
  1269 | D:2      | Reached skill level 4 in Stealth
  1882 | D:2      | Learned a level 2 spell: Throw Frost
  1886 | D:2      | Learned a level 3 spell: Ozocubu's Armour
  2001 | D:2      | Slain by a goblin

Skill      XL: |  1  2  3 |
---------------+----------+-----
Stealth        | 4 |  4.9
Fighting       | |  0.8
Short Blades   | |  0.4
Dodging        | |  2.7
Unarmed Combat | |  0.2
Spellcasting   | |  2.3
Conjurations   | |  0.6
Ice Magic      | |  3.1

Action                   || total
-------------------------++-------
Melee: Unarmed           ||     5
       Whip              ||    32
       Bite              ||     3
       Dagger            ||    18
       Short sword       ||    15
 Cast: Freeze            ||    37
 Stab: Sleeping          ||     7
Armor: Robe              ||    17
       Leather armour    ||     6
Dodge: Dodged            ||    72
